Map: King's Cove LE

Players

pHARM - Winner!

  • Race: Zerg Zerg
  • League: Platinum
  • Spawn Location: 5:00

Preyed

  • Race: Protoss Protoss
  • League: Diamond
  • Spawn Location: 11:00

VOD

Have the link to the VOD?

Description

Time

  • Played on: Aug. 5, 2019, 5:49 p.m.
  • Length: 11:50
Show
View Real Time Build Order
Export as new Build Order

pHARM Zerg - Winner!

Build Orders: Hatch First, Roach Hydra 

Get SALT Encoding   

  12  0:01  Drone  
  13  0:13  Overlord  
  13  0:20  Drone  
  14  0:31  Drone x2  
  16  0:40  Drone  
  17  0:59  Hatchery  
  16  1:05  Drone x2  
  18  1:11  Drone  
  19  1:21  Spawning Pool  
  18  1:28  Drone  
  19  1:42  Drone  
  19  1:43  Drone  
  21  1:47  Extractor  
  21  1:54  Drone  
  21  2:12  Queen  
  21  2:13  Queen  
  26  2:15  Drone x2  
  26  2:16  Drone  
  28  2:32  Overlord  
  28  2:50  Lair  
  28  2:53  Queen  
  28  2:54  Hatchery  
  28  2:55  Drone  
  28  2:56  Drone x2  
  32  2:59  Overlord  
  32  3:14  Drone x4  
  36  3:20  Overlord  
  36  3:22  Drone  
  36  3:26  Drone x3  
  40  3:27  Drone  
  41  3:42  Evolution Chamber  
  41  3:47  Roach Warren  
  39  3:50  Drone x5  
  39  3:51  Extractor  
  39  3:53  Extractor  
  42  4:18  Evolution Chamber  
  41  4:25  Zerg Missile Weapons Level 1  
  41  4:27  Glial Reconstitution  
  41  4:37  Drone  
  41  4:38  Drone x4  
  45  4:39  Drone  
  45  4:44  Roach x5  
  57  4:46  Overlord x4  
  57  5:06  Roach x7  
  71  5:22  Roach x4  
  71  5:23  Roach  
  81  5:41  Drone  
  81  5:42  Drone x6  
  88  5:50  Drone  
  88  5:52  Hydralisk Den  
  88  5:56  Zerg Ground Armor Level 1  
  88  5:59  Drone x2  
  88  6:00  Overlord x3  
  78  6:28  Drone x14  
  90  6:43  Extractor  
  90  6:45  Extractor  
  90  6:46  Roach x6  
  100  6:48  Zerg Missile Weapons Level 2  
  100  6:51  Grooved Spines  
  100  6:55  Extractor  
  100  6:56  Overlord x3  
  99  7:14  Roach x6  
  111  7:18  Drone  
  112  7:53  Drone  
  113  8:01  Hatchery  
  112  8:12  Muscular Augments  
  112  8:13  Hydralisk x9  
  112  8:15  Overlord x6  
  130  8:32  Overlord x2  
  130  8:34  Hydralisk x8  
  130  8:35  Hydralisk x5  
  156  8:57  Zerg Ground Armor Level 2  
  156  9:05  Infestation Pit  
  156  9:08  Hydralisk x2  
  156  9:09  Hydralisk x6  
  171  9:18  Drone x9  
  180  10:02  Spore Crawler  
  180  10:06  Spine Crawler x2  
  133  10:24  Hydralisk  
  133  10:25  Hydralisk x22  
Show
View Real Time Build Order
Export as new Build Order

Preyed Protoss 

Build Orders: 1 Gate Expand 

Get SALT Encoding   

  12  0:01  Probe  
  13  0:13  Probe  
  14  0:19  Pylon  
  14  0:25  Probe  
  15  0:37  Probe  
  15  0:42  Gateway  
  16  0:49  Probe  
  17  0:53  Assimilator  
  17  1:02  Probe  
  18  1:14  Probe  
  19  1:28  Probe  
  20  1:32  Nexus  
  20  1:42  Probe  
  21  1:52  Pylon  
  21  1:54  Probe  
  22  2:02  Cybernetics Core  
  22  2:06  Probe  
  23  2:08  Assimilator  
  23  2:16  Gateway  
  23  2:19  Probe  
  24  2:35  Pylon  
  24  2:38  Probe  
  24  2:41  Adept  
  24  2:43  Warp Gate  
  27  2:51  Gateway  
  27  2:54  Probe  
  28  3:06  Robotics Facility, Probe  
  28  3:11  Sentry  
  31  3:19  Probe x2  
  33  3:31  Probe  
  33  3:32  Probe  
  35  3:44  Forge  
  35  3:45  Probe x2  
  37  3:49  Assimilator  
  37  3:54  Sentry  
  37  3:55  Sentry  
  41  3:56  Observer  
  41  3:57  Probe x2  
  44  4:06  Protoss Ground Weapons Level 1  
  44  4:09  Assimilator, Probe  
  43  4:14  Twilight Council  
  43  4:17  Pylon  
  43  4:18  Probe  
  43  4:21  Probe  
  45  4:28  Pylon  
  45  4:30  Probe  
  46  4:33  Probe  
  47  4:42  Probe  
  47  4:45  Probe  
  49  4:49  Immortal  
  53  4:55  Probe  
  53  4:57  Probe  
  55  5:02  Forge  
  55  5:07  Probe  
  56  5:09  Blink  
  56  5:12  Probe  
  57  5:18  Protoss Shields Level 1  
  57  5:19  Probe, Robotics Facility  
  58  5:24  Stalker x2, Probe  
  63  5:31  Probe  
  64  5:36  Probe  
  65  5:43  Probe  
  65  5:48  Nexus  
  66  5:50  Probe  
  66  5:55  Probe, Pylon  
  68  6:09  Shield Battery  
  64  6:24  Stalker x2  
  68  6:29  Protoss Ground Weapons Level 2  
  68  6:43  Pylon  
  68  6:45  Pylon  
  68  6:51  Photon Cannon  
  68  6:56  Shield Battery, Pylon  
  68  6:57  Probe x2  
  70  7:02  Immortal  
  70  7:06  Immortal  
  78  7:09  Stargate  
  78  7:15  Assimilator  
  78  7:16  Probe x3  
  78  7:17  Assimilator  
  81  7:25  Charge  
  81  7:28  Probe x2  
  83  7:32  Probe  
  83  7:36  Stalker x2  
  88  7:40  Probe  
  88  7:44  Protoss Shields Level 2  
  89  7:46  Phoenix  
  89  7:47  Probe x2  
  91  7:52  Probe  
  94  7:59  Probe  
  94  8:00  Probe  
  94  8:01  Immortal x2  
  94  8:04  Probe  
  105  8:12  Probe x2  
  107  8:14  Gateway  
  107  8:16  Gateway  
  107  8:21  Probe, Gateway  
  107  8:22  Gateway  
  107  8:24  Probe  
  107  8:25  Gateway  
  109  8:32  Pylon  
  109  8:34  Stalker x2  
  109  8:36  Pylon  
  109  8:37  Void Ray  
  117  8:50  Observer  
  117  8:54  Protoss Air Weapons Level 1  
  118  9:02  Photon Cannon  
  118  9:03  Shield Battery  
  118  9:07  Zealot x2  
  118  9:08  Immortal  
  118  9:09  Probe x2  
  128  9:11  Immortal  
  128  9:16  Templar Archives  
  132  9:18  Photon Cannon  
  132  9:20  Shield Battery  
  132  9:23  Photon Cannon  
  132  9:27  Pylon  
  132  9:28  Pylon  
  132  9:31  Pylon  
  132  9:44  Photon Cannon  
  132  9:48  Shield Battery  
  132  9:50  Photon Cannon, Phoenix  
  134  9:53  Photon Cannon  
  134  9:58  Probe  
  134  9:59  Probe x2  
  133  10:11  Probe  
  133  10:13  Stalker x5  
  133  10:14  Stalker  
  105  10:27  Immortal x2  
  89  10:36  Stalker x2  
  89  10:37  Stalker x4  
  89  10:56  Oracle  
  76  11:06  High Templar  
  76  11:11  Stalker  
  77  11:20  Nexus  
Tags
 
Add a new tag
Caveats
  • Supply blocks, unpowered buildings, or Contaminate may cause inaccurate times.
  • Supply counts are checked every 10 seconds.